 Dungeon Crawl Stone Soup version 0.28-a0-589-g333b8329f1 (webtiles) character file.

Game seed: 7862869342404905906

107 Heedrag the Chiller (level 4, -8/32 HPs)
             Began as a Demonspawn Ice Elementalist on Oct 3, 2021.
             Killed by divine providence
             ... invoked by an orc priest
              (9 damage)
             ... on level 3 of the Dungeon.
             The game lasted 00:05:54 (2820 turns).

Heedrag the Chiller (Demonspawn Ice Elementalist)   Turns: 2820, Time: 00:05:55

Health: -8/32      AC:  2    Str:  8    XL:     4   Next: 57%
Magic:  4/7        EV: 12    Int: 17    God:
Gold:   142        SH:  0    Dex: 14    Spells: 4/8 levels left

rFire   + . .      SeeInvis .   f - +0 spear
rCold   . . .      Faith    .   (no shield)
rNeg    . . .      Spirit   .   a - +0 robe
rPois   .          Reflect  .   (no helmet)
rElec   .          Harm     .   (no cloak)
rCorr   .          Rampage  .   (no gloves)
Will    +....                   (no boots)
Stlth   ++........              (no amulet)
HPRegen 0.10/turn               i - ring of protection from fire
MPRegen 0.10/turn               j - ring of willpower

@: no status effects
A: hooves 1, foul stench 1
a: no special abilities


You were on level 3 of the Dungeon.
You visited 1 branch of the dungeon, and saw 3 of its levels.

You collected 142 gold pieces.

Inventory:

Hand Weapons
 f - a +0 spear (weapon)
   (You found it on level 1 of the Dungeon)
Armour
 a - a +0 robe (worn)
 g - a +3 leather armour of fire resistance
   (You found it on level 2 of the Dungeon)
Jewellery
 h - a +4 ring of protection
   (You found it on level 2 of the Dungeon)
 i - a ring of protection from fire (left hand)
   (You found it on level 2 of the Dungeon)
 j - a ring of willpower (right hand)
   (You found it on level 2 of the Dungeon)
Scrolls
 d - 3 scrolls of teleportation {unknown}
 e - 2 scrolls of identify {unknown}
 k - a scroll of enchant weapon {unknown}
Potions
 b - a potion of attraction {unknown}
 c - a potion of curing {unknown}


   Skills:
 + Level 1.3 Fighting
 + Level 2.3 Dodging
 + Level 2.5 Stealth
 + Level 2.5 Spellcasting
 * Level 4.3 Ice Magic


You had 4 spell levels left.
You knew the following spells:

 Your Spells              Type           Power      Damage    Failure   Level
a - Freeze                Ice            68%        1d8       3%          1
b - Frozen Ramparts       Ice            34%        1d5       9%          3

Your spell library contained the following spells:

 Spells                   Type           Power      Damage    Failure   Level
 Ozocubu's Armour         Ice            17%        N/A       9%          3
 Animate Skeleton         Necr           4%         N/A       19%         1
 Magic Dart               Conj           8%         1d3       19%         1
 Pain                     Necr           8%         1d4       19%         1
 Call Imp                 Summ           2%         N/A       28%         2
 Mephitic Cloud           Conj/Pois/Air  2%         N/A       50%         3
 Vampiric Draining        Necr           1%         2d6       50%         3
 Hailstorm                Conj/Ice       9%         3d4       58%         4
 Cause Fear               Hex            1%         N/A       88%         4
 Dragon Form              Tmut           1%         N/A       100%        7
 Dragon's Call            Summ           1%         N/A       100%        9


Dungeon Overview and Level Annotations

Branches:
Dungeon (3/15)

Altars:


Innate Abilities, Weirdness & Mutations

You have large cloven feet.
You may rarely emit foul miasma when damaged in melee.


Message History

You enter the shallow water.
Moving in this stuff is going to be slow.
An orc comes into view. It is wielding a +0 dagger.
Found 14 gold pieces.
The orc shouts!
An orc comes into view. It is wielding a +0 trident.
The dart slug launches a dart at you. The slug dart hits you.
An orc priest comes into view. It is wielding a +0 club.
An orc comes into view. It is wielding a +0 hand axe.
The orc moves out of view.
An orc and a dart slug come into view.
The orc moves out of view.
Your unstable footing causes you to fumble your attack.
The orc priest shouts!
The orc priest mumbles some strange prayers to Beogh against the dart slug.
Beogh smites you!
* * * LOW HITPOINT WARNING * * *
The dart slug launches a dart at you. The slug dart hits you.
* * * LOW HITPOINT WARNING * * *
The orc shouts!
You enter the shallow water.
Moving in this stuff is going to be slow.
The orc priest looks encouraged for a moment.
The orc closely misses you.
The spell is quite dangerous to cast (10% risk of failure)!
Continue anyway?
The walls around you are covered in ice.
The wall freezes the orc.
The orc hits you with a +0 dagger.
* * * LOW HITPOINT WARNING * * *
The wall freezes the orc.
The orc barely misses you.
The wall freezes the orc.
You kill the orc!
The wall freezes the orc.
The orc hits you from afar with a +0 trident.
* * * LOW HITPOINT WARNING * * *
The wall freezes the orc.
You kill the orc!
The orc priest miscasts a cantrip.
The wall freezes the orc.
The wall freezes the orc.
You kill the orc!
The wall freezes the dart slug!
The dart slug barely misses you.
The frozen ramparts melt away.
The orc hits you with a +0 club.
* * * LOW HITPOINT WARNING * * *
The dart slug launches a dart at you. The slug dart hits you.
* * * LOW HITPOINT WARNING * * *
The orc priest calls down the wrath of Beogh upon you.
Beogh smites you!
You die...

.#..##...##......................
.#.#####.........................
......####.......................
.......####......................
........###......................
.................................
........#......##...............)
<.............o##....#.##....###†
≈≈≈≈≈≈≈....8..8o@......##....##††
≈≈≈≈≈≈≈≈≈≈.8..8##w#.....#....##.#
≈≈≈≈≈≈≈≈≈≈≈≈†.≈o..#..........#..#
≈≈≈≈≈≈≈≈≈≈≈≈..≈≈≈##..##.#....#.##
≈≈###≈≈≈≈≈≈≈.w≈≈≈≈≈≈.##......(.≈≈
#$.###.#≈≈≈≈o.≈≈≈≈≈≈≈÷≈≈....≈≈≈≈≈
#.# #.#.##≈..≈≈≈≈≈≈≈≈≈≈≈≈≈≈≈≈≈≈≈
.. ......8.w8≈≈≈≈≈≈≈≈≈≈≈≈≈≈≈≈≈≈
###.....8..8...≈≈≈≈≈≈≈≈≈≈≈≈r≈≈


You could see an orc priest, a dart slug and an orc.

Vanquished Creatures
  Terence (D:2)
  A gnoll (D:1)
  An adder (D:3)
  A worm (D:2)
  3 dart slugs
  4 orcs (D:3)
  2 ball pythons
  6 endoplasms
  2 giant cockroaches
  2 goblins
  5 hobgoblins
  2 jackals (D:1)
  A quokka (D:2)
  2 bats
  14 frilled lizards
  A kobold (D:2)
  4 rats
52 creatures vanquished.

Vanquished Creatures (others)
  4 plants (D:1)
4 creatures vanquished.

Grand Total: 56 creatures vanquished

Notes
Turn   | Place    | Note
-------+----------+-------------------------------------------
     0 | D:1      | Heedrag the Demonspawn Ice Elementalist began the quest for
                  | the Orb.
     0 | D:1      | Reached XP level 1. HP: 13/13 MP: 3/3
   179 | D:1      | Gained mutation: You have large cloven feet. [demonic
                  | ancestry]
   179 | D:1      | Reached XP level 2. HP: 3/20 MP: 0/5
  1062 | D:1      | Reached skill level 4 in Ice Magic
  1062 | D:1      | Reached XP level 3. HP: 15/25 MP: 2/6
  1324 | D:1      | Found a faded altar of an unknown god.
  1396 | D:2      | Learned a level 3 spell: Frozen Ramparts
  1520 | D:2      | Noticed Terence
  1527 | D:2      | Killed Terence
  1528 | D:2      | Reached skill level 1 in Fighting
  2080 | D:2      | Gained mutation: You may rarely emit foul miasma when
                  | damaged in melee. [demonic ancestry]
  2080 | D:2      | Reached XP level 4. HP: 30/32 MP: 5/7
  2820 | D:3      | HP: 1/32 [dart slug/slug dart (2)]
  2820 | D:3      | Killed from afar by an orc priest

Illustrated notes

Levels and vault maps discovered:
D:1:      moated_graveyard_arrival, layout_loops_ring,
          shapermc_ecumenical_altar_mp_vishouse, chequers_serial_rivers_micro_a,
          minmay_lizard_king
D:2:      layout_loops_ring, uniq_terence
D:3:      wander_river, layout_rooms

Skill      XL: |  1  2  3 |
---------------+----------+-----
Stealth        | 2 |  2.5
Dodging        | 2 |  2.3
Ice Magic      | 4 |  4.3
Fighting       | 1 |  1.3
Spellcasting   | |  2.5

Action                   |  1- 3 |  4- 6 || total
-------------------------+-------+-------++-------
Melee: Unarmed           |    18 |       ||    18
       Spear             |    31 |    47 ||    78
       Kick              |     5 |     9 ||    14
 Cast: Freeze            |    36 |     4 ||    40
       Frozen Ramparts   |     1 |     4 ||     5
 Stab: Sleeping          |     4 |     5 ||     9
Armor: Robe              |     6 |    11 ||    17
Dodge: Dodged            |    39 |    33 ||    72

Table legend: (Time is in decaauts)
 A = Elapsed time spent in this place.
 B = Non-inter-level travel time spent in this place.
 C = Inter-level travel time spent in this place.
 D = Time resting spent in this place.
 E = Time spent auto-exploring this place.
 F = Levels seen in this place.
 G = Mean time per level.
                   A        B        C        D        E       F      G
               +--------+--------+--------+--------+--------+-----+--------+
         Total |   2829 |   2737 |     92 |    442 |   1761 |   3 |  943.0 |
       Dungeon |   2829 |   2737 |     92 |    442 |   1761 |   3 |  943.0 |
               +--------+--------+--------+--------+--------+-----+--------+

Top non-repeatable levels by time:
     D:1: 1386 daAuts
     D:2: 936 daAuts
     D:3: 506 daAuts
